 Dungeon Crawl Stone Soup version 0.29-a0-330-g52719c12eb (webtiles) character file.

Game seed: 7946641539893086235

23 kae the Firebug (level 2, -1/23 HPs)
             Began as a Hill Orc Fire Elementalist on Apr 19, 2022.
             Slain by a kobold
             ... wielding a +0 short sword
              (3 damage)
             ... on level 2 of the Dungeon.
             The game lasted 00:00:40 (1015 turns).

kae the Firebug (Hill Orc Fire Elementalist)        Turns: 1015, Time: 00:00:40

Health: -1/23      AC:  2    Str: 10    XL:     2   Next: 95%
Magic:  0/4        EV: 12    Int: 21    God:
Gold:   42         SH:  0    Dex: 11    Spells: 3/4 levels left

rFire   . . .      SeeInvis .   (no weapon)
rCold   . . .      Faith    .   (no shield)
rNeg    . . .      Spirit   .   a - +0 robe
rPois   .          Reflect  .   (no helmet)
rElec   .          Harm     .   (no cloak)
rCorr   .          Rampage  .   (no gloves)
Will    .....                   (no boots)
Stlth   ++........              (no amulet)
HPRegen 0.07/turn               c - +6 ring of intelligence
MPRegen 0.09/turn               (no ring)

@: mighty
A: no striking features
a: no special abilities


You were on level 2 of the Dungeon.
You visited 1 branch of the dungeon, and saw 2 of its levels.

You collected 42 gold pieces.

Inventory:

Armour
 a - a +0 robe (worn)
Jewellery
 c - a +6 ring of intelligence (left hand)
Scrolls
 d - 3 scrolls of identify {unknown}
Potions
 b - a potion of magic
 f - a potion of attraction {unknown}


   Skills:
 + Level 1.1 Fighting
 - Level 1.5 Dodging
 - Level 1.5 Stealth
 + Level 1.8 Spellcasting
 + Level 1.4 Conjurations
 * Level 3.8 Fire Magic


You had 3 spell levels left.
You knew the following spells:

 Your Spells              Type           Power      Damage    Failure   Level
a - Foxfire               Conj/Fire      48%        2x1d6     4%          1

Your spell library contained the following spells:

 Spells                   Type           Power      Damage    Failure   Level
 Scorch                   Fire           34%        2d6       4%          2
 Slow                     Hex            4%         N/A       16%         1
 Conjure Flame            Conj/Fire      12%        6-21      16%         3
 Inner Flame              Hex/Fire       9%         N/A       21%         3
 Confusing Touch          Hex            1%         N/A       41%         3
 Vampiric Draining        Necr           1%         2d6       41%         3
 Flame Wave               Conj/Fire      12%        2d6       45%         4


Dungeon Overview and Level Annotations

Branches:
Dungeon (2/15)

Altars:

Annotations:
D:2 Jessica


Message History

There is a stone staircase leading down here.
You climb downwards.
There is a stone staircase leading up here.
There are monsters nearby!
Okay, then.
Casting: Foxfire (safe; 5% risk of failure)
Confirm with . or Enter, or press ? or * to list all spells.
You conjure some foxfire!
Jessica shouts!
You hear a shout!
The foxfire hits the bat.
The bat is severely wounded.
The foxfire hits Jessica but does no damage.
Jessica zaps a wand.
The puff of flame hits you!
A kobold comes into view. It is wielding a +0 short sword.
Casting: Foxfire (safe; 5% risk of failure)
Confirm with . or Enter, or press ? or * to list all spells.
You conjure some foxfire!
Jessica gestures wildly while chanting.
Jessica seems to speed up.
The foxfire hits the bat.
You kill the bat!
Casting: Foxfire (safe; 4% risk of failure)
Confirm with . or Enter, or press ? or * to list all spells.
You conjure some foxfire!
The foxfire hits the kobold but does no damage.
The foxfire hits Jessica but does no damage.
Casting: Foxfire (safe; 4% risk of failure)
Confirm with . or Enter, or press ? or * to list all spells.
You conjure some foxfire!
Jessica hits you with a +0 dagger. Jessica closely misses you.
The kobold misses you.
The foxfire hits Jessica.
Jessica is moderately wounded.
An adder comes into view.
Jessica zaps a wand.
The puff of flame hits you!
* * * LOW HITPOINT WARNING * * *
The kobold closely misses you.
It was a potion of might.
You feel very mighty all of a sudden. Jessica barely misses you. x2
The kobold hits you with a +0 short sword.
You die...

#########
......§v# #@#
#..S@K...♣
#.....#.##..#
......... .#
..... ... .#
#####.##.# #
. .# .# ##


You could see an adder, Jessica (fast, ally target) and a kobold.

Vanquished Creatures
  3 endoplasms (D:1)
  A giant cockroach (D:1)
  4 hobgoblins (D:1)
  A quokka (D:1)
  2 ball pythons (D:1)
  2 bats
  A frilled lizard (D:1)
  A goblin (D:1)
  2 kobolds (D:1)
  4 rats (D:1)
21 creatures vanquished.

Vanquished Creatures (others)
  54 foxfires
54 creatures vanquished.

Grand Total: 75 creatures vanquished

Notes
Turn   | Place    | Note
-------+----------+-------------------------------------------
     0 | D:1      | kae the Hill Orc Fire Elementalist began the quest for the
                  | Orb.
     0 | D:1      | Reached XP level 1. HP: 14/14 MP: 3/3
   311 | D:1      | Reached XP level 2. HP: 22/22 MP: 2/4
   686 | D:1      | Reached skill level 1 in Fighting
  1006 | D:2      | Noticed Jessica
  1015 | D:2      | Slain by a kobold

Illustrated notes

Levels and vault maps discovered:
D:1:      saegor_arrival_miasma, layout_loops_ring
D:2:      layout_basic, ebering_ecumenical_altar_mist, serial_forest,
          infiniplex_forest_end_2, infiniplex_forest_lined_3,
          infiniplex_forest_end_2, infiniplex_forest_lined_1, uniq_natasha,
          uniq_terence, uniq_jessica

Skill      XL: |  1  2 |
---------------+-------+-----
Fighting       | 1 |  1.1
Dodging        | |  1.5
Stealth        | |  1.5
Spellcasting   | |  1.8
Conjurations   | |  1.4
Fire Magic     | |  3.8

Action                   || total
-------------------------++-------
Melee: Unarmed           ||     6
 Cast: Foxfire           ||    38
  Use: Potion            ||     1
Armor: Robe              ||     1
Dodge: Dodged            ||    14

Table legend: (Time is in decaauts)
 A = Elapsed time spent in this place.
 B = Non-inter-level travel time spent in this place.
 C = Inter-level travel time spent in this place.
 D = Time resting spent in this place.
 E = Time spent auto-exploring this place.
 F = Levels seen in this place.
 G = Mean time per level.
                   A        B        C        D        E       F      G
               +--------+--------+--------+--------+--------+-----+--------+
         Total |   1014 |    984 |     30 |      0 |    851 |   2 |  507.0 |
       Dungeon |   1014 |    984 |     30 |      0 |    851 |   2 |  507.0 |
               +--------+--------+--------+--------+--------+-----+--------+

Top non-repeatable levels by time:
     D:1: 1005 daAuts
     D:2: 8 daAuts
